| TOP OF THE 1ST |
|
New York Mets batting - Pitching for Houston Astros : LHP George H Stone
|
|
Pitching: LHP George H Stone
|
|
|
Batting: LHB Lyman Bostock
|
0-0: Foul Ball, location: 2F 0-1: Ball 1-1: Foul Ball, location: 2F 1-2: Foul Ball, location: 2F 1-2: Ball 2-2: Foul Ball, location: 2F 2-2: Foul Ball, location: 2F 2-2: DOUBLE (Flyball, 8LXD, EV 94.4 MPH)
|
|
Batting: RHB Ray Knight
|
0-0: Fly out, F8 (Flyball, 8RD, EV 90.0 MPH)
|
|
Batting: LHB John Kruk
|
0-0: Ball 1-0: SINGLE (Groundball, 6MD, EV 94.4 MPH) Lyman Bostock to third Runner from 3rd tries for Home, SAFE, throw by CF to home
|
|
Batting: RHB Garry Maddox
|
0-0: Called Strike 0-1: Swinging Strike 0-2: Ball 1-2: Ball 2-2: Fielders Choice at 2nd, 5-4 (Groundball, 56, EV 99.4 MPH)
|
|
Batting: SHB Ken Singleton
|
0-0: Ball 1-0: Foul Ball, location: 2F 1-1: SINGLE (Groundball, 56D, EV 98.1 MPH) Garry Maddox to second
|
|
Batting: RHB Rick Burleson
|
0-0: Called Strike 0-1: Called Strike 0-2: Fielders Choice at 2nd, 4-6 (Groundball, 4MD, EV 85.0 MPH)
|
| Top of the 1st over - 1 run, 3 hits, 0 errors, 2 left on base; New York 1 - Houston 0 |
| BOTTOM OF THE 1ST |
|
Houston Astros batting - Pitching for New York Mets : LHP Rick Jones
|
|
Pitching: LHP Rick Jones
|
|
|
Batting: RHB Julio Franco
|
0-0: Foul Ball, location: 2F 0-1: Ball 1-1: SINGLE (Line Drive, 34D, EV 99.4 MPH)
|
|
Batting: RHB John Castino
|
0-0: Ball Julio Franco is caught stealing 2nd base 2-4 1-0: SINGLE (Flyball, 8RS, EV 87.5 MPH)
|
|
Batting: RHB Mickey Hatcher
|
0-0: Ground out 5-3 (Groundball, 56S, EV 74.4 MPH) John Castino to second
|
|
Batting: LHB Steve Kemp
|
0-0: Called Strike 0-1: Ball 1-1: Ball 2-1: Foul Ball, location: 2F 2-2: Foul Ball, location: 2F 2-2: SINGLE (Line Drive, 6MD, EV 99.4 MPH) John Castino to third Runner from 3rd tries for Home, SAFE, throw by CF to home
|
|
Batting: RHB Dave Valle
|
0-0: Called Strike 0-1: Foul Ball, location: 2F 0-2: Ball 1-2: Ball 2-2: Foul Ball, location: 2F 2-2: Strikes out swinging
|
| Bottom of the 1st over - 1 run, 3 hits, 0 errors, 1 left on base; New York 1 - Houston 1 |
| TOP OF THE 2ND |
|
New York Mets batting - Pitching for Houston Astros : LHP George H Stone
|
|
Batting: RHB Bill Almon
|
0-0: Ball 1-0: Ball 2-0: Ground out 5-3 (Groundball, 56S, EV 91.3 MPH)
|
|
Batting: LHB Terry Kennedy
|
0-0: Ball 1-0: Foul Ball, location: 2F 1-1: Fly out, F8 (Flyball, 8LS, EV 85.6 MPH)
|
|
Batting: LHB Rick Jones
|
0-0: Ball 1-0: Called Strike 1-1: SINGLE (Line Drive, 78M, EV 92.5 MPH)
|
|
Batting: LHB Lyman Bostock
|
0-0: Ball 1-0: Ball 2-0: Swinging Strike 2-1: Ball 3-1: Base on Balls Rick Jones to second
|
|
Batting: RHB Ray Knight
|
0-0: Ball 1-0: Fly out, F8 (Line Drive, 8LD, EV 94.4 MPH)
|
| Top of the 2nd over - 0 runs, 1 hit, 0 errors, 2 left on base; New York 1 - Houston 1 |
| BOTTOM OF THE 2ND |
|
Houston Astros batting - Pitching for New York Mets : LHP Rick Jones
|
|
Batting: SHB Bill D Doran
|
0-0: Foul Ball, location: 2F 0-1: Foul Ball, location: 2F 0-2: Foul Ball, location: 2F 0-2: Foul Ball, location: 2F 0-2: Reached on error, E4 (Groundball, 4, EV 101.3 MPH)
|
|
Batting: LHB George Vukovich
|
0-0: Called Strike 0-1: Ball 1-1: Called Strike 1-2: Ball 2-2: Strikes out swinging
|
|
Batting: LHB Jerry Narron
|
0-0: SINGLE (Line Drive, 78S, EV 89.4 MPH) Bill D Doran to third Runner from 3rd tries for Home, throw by LF and OUT! 7-2
|
|
Batting: LHB George H Stone
|
0-0: Ball 1-0: Foul Ball, location: 2F 1-1: Ball 2-1: Ground out 4-3 (Groundball, 4, EV 82.5 MPH)
|
| Bottom of the 2nd over - 0 runs, 1 hit, 1 error, 1 left on base; New York 1 - Houston 1 |
| TOP OF THE 3RD |
|
New York Mets batting - Pitching for Houston Astros : LHP George H Stone
|
|
Batting: LHB John Kruk
|
0-0: Ball 1-0: Ball 2-0: Swinging Strike 2-1: Ball 3-1: DOUBLE (Line Drive, 78D, EV 105.0 MPH)
|
|
Batting: RHB Garry Maddox
|
0-0: Ball 1-0: Ball 2-0: Ground out 6-3 (Groundball, 6, EV 101.9 MPH)
|
|
Batting: SHB Ken Singleton
|
0-0: Foul Ball, location: 2F 0-1: Foul Ball, location: 2F 0-2: Ball 1-2: Ball 2-2: Fly out, F9 (Flyball, 89M, EV 95.0 MPH)
|
|
Batting: RHB Rick Burleson
|
0-0: Ball 1-0: Called Strike 1-1: Foul Ball, location: 2F 1-2: Ball 2-2: Foul Ball, location: 2F 2-2: Foul Ball, location: 2F 2-2: SINGLE (Flyball, 78S, EV 91.3 MPH) John Kruk to third Runner from 3rd tries for Home, SAFE, throw by LF to home
|
|
Batting: RHB Bill Almon
|
0-0: Ground out U3 (Groundball, 34, EV 83.8 MPH)
|
| Top of the 3rd over - 1 run, 2 hits, 0 errors, 1 left on base; New York 2 - Houston 1 |
| BOTTOM OF THE 3RD |
|
Houston Astros batting - Pitching for New York Mets : LHP Rick Jones
|
|
Batting: RHB Julio Franco
|
0-0: Called Strike 0-1: Ball 1-1: Ball 2-1: Swinging Strike 2-2: Ball 3-2: Fly out, F8 (Flyball, 8RD, EV 98.1 MPH)
|
|
Batting: RHB John Castino
|
0-0: Ball 1-0: Ball 2-0: Ball 3-0: Base on Balls
|
|
Batting: RHB Mickey Hatcher
|
0-0: Ball 1-0: Swinging Strike 1-1: Ball 2-1: Ball 3-1: SINGLE (Flyball, 89S, EV 90.6 MPH) John Castino to second Runner from 2nd tries for 3rd, SAFE, no throw by RF
|
|
Pinch Runner at 3rd Jose Cruz:
|
|
|
Batting: LHB Steve Kemp
|
0-0: Ball 1-0: Called Strike 1-1: Called Strike Mickey Hatcher steals 2nd base 1-2: Fly out, F9 (Flyball, 9S, EV 92.5 MPH)
|
|
Batting: RHB Dave Valle
|
0-0: Called Strike 0-1: Ball 1-1: Ball 2-1: Ball 3-1: Base on Balls
|
|
Batting: SHB Bill D Doran
|
0-0: Ball 1-0: Foul Ball, location: 2F 1-1: Ball 2-1: Swinging Strike 2-2: Foul Ball, location: 2F 2-2: Foul Ball, location: 2F 2-2: Fly out, F9 (Flyball, 89D, EV 80.0 MPH)
|
| Bottom of the 3rd over - 0 runs, 1 hit, 0 errors, 3 left on base; New York 2 - Houston 1 |
| TOP OF THE 4TH |
|
New York Mets batting - Pitching for Houston Astros : LHP George H Stone
|
|
Now at 3B: Ricky Adams
|
|
|
Batting: LHB Terry Kennedy
|
0-0: Ball 1-0: Ball 2-0: Called Strike 2-1: Ball 3-1: Fly out, F9 (Flyball, 9S, EV 70.6 MPH)
|
|
Batting: LHB Rick Jones
|
0-0: Called Strike 0-1: Ball 1-1: SINGLE (Groundball, 56D, EV 104.4 MPH)
|
|
Batting: LHB Lyman Bostock
|
0-0: Fielders Choice at 2nd, 4-6 (Groundball, 4, EV 85.6 MPH)
|
|
Batting: RHB Ray Knight
|
0-0: Foul Ball, location: 2F 0-1: Ball 1-1: Ball Lyman Bostock steals 2nd, throwing error, E2 Lyman Bostock to third 2-1: SINGLE (Line Drive, 78S, EV 101.9 MPH) Lyman Bostock scores
|
|
Batting: LHB John Kruk
|
0-0: SINGLE (Flyball, 56D, EV 91.9 MPH) Ray Knight to second
|
|
Batting: RHB Garry Maddox
|
0-0: Ball 1-0: Fielders Choice at 2nd, 6-4 (Groundball, 6, EV 88.8 MPH)
|
| Top of the 4th over - 1 run, 3 hits, 1 error, 2 left on base; New York 3 - Houston 1 |
| BOTTOM OF THE 4TH |
|
Houston Astros batting - Pitching for New York Mets : LHP Rick Jones
|
|
Batting: LHB George Vukovich
|
0-0: Called Strike 0-1: Ball 1-1: Foul Ball, location: 2F 1-2: Foul Ball, location: 2F 1-2: SINGLE (Line Drive, 6MD, EV 96.3 MPH)
|
|
Batting: LHB Jerry Narron
|
0-0: Called Strike 0-1: Ball 1-1: Foul Ball, location: 2F 1-2: Ball 2-2: Ball 3-2: Foul Ball, location: 2F 3-2: Foul Ball, location: 2F 3-2: Base on Balls George Vukovich to second
|
|
Batting: LHB George H Stone
|
0-0: Sac Bunt to 13 - play at first, batter OUT! 1-4 George Vukovich to third Jerry Narron to second
|
|
Batting: RHB Julio Franco
|
0-0: Called Strike 0-1: Ball 1-1: Swinging Strike 1-2: Ball 2-2: Strikes out swinging
|
|
Batting: RHB Ricky Adams
|
0-0: Ball 1-0: Ball 2-0: Ball 3-0: Base on Balls
|
|
Batting: RHB Mickey Hatcher
|
0-0: Fly out, F8 (Line Drive, 8RD, EV 93.1 MPH)
|
| Bottom of the 4th over - 0 runs, 1 hit, 0 errors, 3 left on base; New York 3 - Houston 1 |
| TOP OF THE 5TH |
|
New York Mets batting - Pitching for Houston Astros : LHP George H Stone
|
|
Batting: SHB Ken Singleton
|
0-0: Ball 1-0: Foul Ball, location: 2F 1-1: Foul Ball, location: 2F 1-2: Ball 2-2: Ball 3-2: SINGLE (Line Drive, 9LS, EV 100.0 MPH)
|
|
Batting: RHB Rick Burleson
|
0-0: Called Strike 0-1: Ball 1-1: Ball 2-1: Swinging Strike 2-2: Foul Ball, location: 2F 2-2: Fly out, F6 (Popup, 4M, EV 60.0 MPH)
|
|
Batting: RHB Bill Almon
|
0-0: Called Strike 0-1: SINGLE (Line Drive, 34D, EV 95.0 MPH) Ken Singleton to second Runner from 2nd tries for 3rd, SAFE, no throw by RF
|
|
Batting: LHB Terry Kennedy
|
0-0: DOUBLE (Line Drive, 3D, EV 108.1 MPH) Ken Singleton scores Bill Almon to third Runner from 3rd tries for Home, SAFE, throw by RF to home
|
|
Batting: LHB Rick Jones
|
0-0: Ball 1-0: Fly out, F8 (Flyball, 78S, EV 95.0 MPH)
|
|
Batting: LHB Lyman Bostock
|
0-0: Ball 1-0: Called Strike 1-1: Ball 2-1: Ground out 4-3 (Groundball, 34, EV 103.8 MPH)
|
| Top of the 5th over - 2 runs, 3 hits, 0 errors, 1 left on base; New York 5 - Houston 1 |
| BOTTOM OF THE 5TH |
|
Houston Astros batting - Pitching for New York Mets : LHP Rick Jones
|
|
Batting: LHB Steve Kemp
|
0-0: Ball 1-0: Called Strike 1-1: Ball 2-1: Fly out, F7 (Flyball, 7LD, EV 93.8 MPH)
|
|
Batting: RHB Dave Valle
|
0-0: Called Strike 0-1: Called Strike 0-2: Foul Ball, location: 2F 0-2: Ball 1-2: Strikes out swinging
|
|
Batting: SHB Bill D Doran
|
0-0: Called Strike 0-1: DOUBLE (Line Drive, 7D, EV 93.8 MPH)
|
|
Batting: LHB George Vukovich
|
0-0: Foul Ball, location: 2F 0-1: Ball 1-1: Ball 2-1: Foul Ball, location: 2F 2-2: Ball 3-2: Fly out, F8 (Flyball, 8LS, EV 86.9 MPH)
|
| Bottom of the 5th over - 0 runs, 1 hit, 0 errors, 1 left on base; New York 5 - Houston 1 |
| TOP OF THE 6TH |
|
New York Mets batting - Pitching for Houston Astros : LHP George H Stone
|
|
Batting: RHB Ray Knight
|
0-0: Swinging Strike 0-1: SINGLE (Groundball, 56D, EV 82.5 MPH) (infield hit)
|
|
Batting: LHB John Kruk
|
0-0: Called Strike 0-1: Swinging Strike 0-2: Foul Ball, location: 2F 0-2: Strikes out swinging
|
|
Batting: RHB Garry Maddox
|
0-0: Ball 1-0: Swinging Strike 1-1: Ball 2-1: Fielders Choice at 2nd, 4-6 (Groundball, 4S, EV 80.6 MPH)
|
|
Pitching: LHP Terry Forster
|
|
|
Now in CF: Christopher Clark
|
|
|
Batting: SHB Ken Singleton
|
0-0: Swinging Strike 0-1: Ball 1-1: Ball 2-1: Ball 3-1: Swinging Strike 3-2: Base on Balls Garry Maddox to second
|
|
Batting: RHB Rick Burleson
|
0-0: Ball Wild Pitch! Garry Maddox to third Ken Singleton to second 1-0: Ball 2-0: Ground out 5-3 (Groundball, 56, EV 86.9 MPH)
|
| Top of the 6th over - 0 runs, 1 hit, 0 errors, 2 left on base; New York 5 - Houston 1 |
| BOTTOM OF THE 6TH |
|
Houston Astros batting - Pitching for New York Mets : LHP Rick Jones
|
|
Batting: LHB Jerry Narron
|
0-0: Swinging Strike 0-1: Foul Ball, location: 2F 0-2: Ball 1-2: Ball 2-2: SINGLE (Line Drive, 9S, EV 99.4 MPH)
|
|
Batting: SHB Christopher Clark
|
0-0: Ball 1-0: Called Strike 1-1: Swinging Strike 1-2: Ball 2-2: Fly out, F6 (Popup, 6M, EV 65.6 MPH)
|
|
Batting: RHB Julio Franco
|
0-0: Ball 1-0: Ball 2-0: Called Strike 2-1: Called Strike 2-2: Fly out, F9 (Flyball, 9, EV 88.1 MPH)
|
|
Batting: RHB Ricky Adams
|
0-0: Ball 1-0: Ball 2-0: Called Strike 2-1: Ball 3-1: Base on Balls Jerry Narron to second
|
|
Batting: RHB Mickey Hatcher
|
0-0: Ground out 5-3 (Groundball, 56S, EV 80.6 MPH)
|
| Bottom of the 6th over - 0 runs, 1 hit, 0 errors, 2 left on base; New York 5 - Houston 1 |
| TOP OF THE 7TH |
|
New York Mets batting - Pitching for Houston Astros : LHP Terry Forster
|
|
Batting: RHB Bill Almon
|
0-0: Ball 1-0: Ball 2-0: Called Strike 2-1: Called Strike 2-2: Ball 3-2: Foul Ball, location: 2F 3-2: Strikes out swinging
|
|
Batting: LHB Terry Kennedy
|
0-0: Called Strike 0-1: Ball 1-1: Foul Ball, location: 2F 1-2: Strikes out looking
|
|
Batting: LHB Rick Jones
|
0-0: Called Strike 0-1: Ball 1-1: Foul Ball, location: 2F 1-2: Strikes out swinging
|
| Top of the 7th over - 0 runs, 0 hits, 0 errors, 0 left on base; New York 5 - Houston 1 |
| BOTTOM OF THE 7TH |
|
Houston Astros batting - Pitching for New York Mets : LHP Rick Jones
|
|
Batting: LHB Steve Kemp
|
0-0: Called Strike 0-1: Swinging Strike 0-2: Ball 1-2: Strikes out swinging
|
|
Batting: RHB Dave Valle
|
0-0: DOUBLE (Line Drive, 9LS, EV 94.4 MPH)
|
|
Batting: SHB Bill D Doran
|
0-0: Ball Dave Valle steals 3rd base 1-0: Ball 2-0: Foul Ball, location: 2F 2-1: Foul Ball, location: 2F 2-2: Foul Ball, location: 2F 2-2: Foul Ball, location: 2F 2-2: Ground out 4-3 (Groundball, 4, EV 85.0 MPH) Dave Valle scores
|
|
Pinch Hitting: SHB Tom Herr
|
0-0: Ball 1-0: Fly out, F8 (Line Drive, 8LD, EV 96.9 MPH)
|
| Bottom of the 7th over - 1 run, 1 hit, 0 errors, 0 left on base; New York 5 - Houston 2 |
| TOP OF THE 8TH |
|
New York Mets batting - Pitching for Houston Astros : LHP Terry Forster
|
|
Pitching: RHP Joe McIntosh
|
|
|
Batting: LHB Lyman Bostock
|
0-0: Called Strike 0-1: Foul Ball, location: 2F 0-2: Ball 1-2: Foul Ball, location: 2F 1-2: SINGLE (Line Drive, 8LS, EV 105.6 MPH)
|
|
Batting: RHB Ray Knight
|
0-0: Ball 1-0: Ball 2-0: Ball 3-0: Base on Balls Lyman Bostock to second
|
|
Batting: LHB John Kruk
|
0-0: Ball 1-0: Called Strike 1-1: Ball 2-1: Fielders Choice at 2nd, 4-6 (Groundball, 34, EV 105.0 MPH) Lyman Bostock to third
|
|
Batting: RHB Garry Maddox
|
0-0: SINGLE (Groundball, 56, EV 104.4 MPH) Lyman Bostock scores John Kruk to second
|
|
Batting: SHB Ken Singleton
|
0-0: Ball 1-0: Foul Ball, location: 2F 1-1: Foul Ball, location: 2F 1-2: Ball 2-2: Ball 3-2: Base on Balls John Kruk to third Garry Maddox to second
|
|
Batting: RHB Rick Burleson
|
0-0: Ball 1-0: Grounds into double play, 4-6-3 (Groundball, 4, EV 85.0 MPH)
|
| Top of the 8th over - 1 run, 2 hits, 0 errors, 2 left on base; New York 6 - Houston 2 |
| BOTTOM OF THE 8TH |
|
Houston Astros batting - Pitching for New York Mets : LHP Rick Jones
|
|
Pitching: LHP Rich Wortham
|
|
|
Batting: LHB Jerry Narron
|
0-0: Ball 1-0: Called Strike 1-1: Swinging Strike 1-2: Fly out, F8 (Flyball, 8RS, EV 80.0 MPH)
|
|
Batting: SHB Christopher Clark
|
0-0: Ball 1-0: Called Strike 1-1: Swinging Strike 1-2: Strikes out swinging
|
|
Batting: RHB Julio Franco
|
0-0: Ball 1-0: Ground out 6-3 (Groundball, 6D, EV 100.0 MPH)
|
| Bottom of the 8th over - 0 runs, 0 hits, 0 errors, 0 left on base; New York 6 - Houston 2 |
| TOP OF THE 9TH |
|
New York Mets batting - Pitching for Houston Astros : RHP Joe McIntosh
|
|
Batting: RHB Bill Almon
|
0-0: Ball 1-0: Ball 2-0: Ball 3-0: Called Strike 3-1: Foul Ball, location: 2F 3-2: Foul Ball, location: 2F 3-2: Base on Balls
|
|
Pitching: RHP Ramon Molina
|
|
|
Batting: LHB Terry Kennedy
|
0-0: Ball 1-0: Ball 2-0: Ball 3-0: Called Strike 3-1: Swinging Strike 3-2: Strikes out swinging Bill Almon is caught stealing 2nd base 2-6 Batter strikes out.
|
|
Pinch Hitting: LHB Alamazoo White
|
0-0: Ball 1-0: Ground out 2-3 (Groundball, 15S, EV 69.4 MPH)
|
| Top of the 9th over - 0 runs, 0 hits, 0 errors, 0 left on base; New York 6 - Houston 2 |
| BOTTOM OF THE 9TH |
|
Houston Astros batting - Pitching for New York Mets : LHP Rich Wortham
|
|
Pitching: RHP Andres Barahona
|
|
|
Batting: RHB Ricky Adams
|
0-0: Foul Ball, location: 2F 0-1: Foul Ball, location: 2F 0-2: Ball 1-2: Ball 2-2: Foul Ball, location: 2F 2-2: Ball 3-2: Base on Balls
|
|
Batting: RHB Mickey Hatcher
|
0-0: Grounds into double play, 4-6-3 (Groundball, 4, EV 103.1 MPH)
|
|
Batting: LHB Steve Kemp
|
0-0: Ball 1-0: SINGLE (Groundball, 3D, EV 96.9 MPH)
|
|
Batting: RHB Dave Valle
|
0-0: Ball 1-0: Foul Ball, location: 2F 1-1: Foul Ball, location: 2F 1-2: Foul Ball, location: 2F 1-2: Ball 2-2: Fielders Choice at 2nd, 6-4 (Groundball, 6, EV 94.4 MPH)
|
| Bottom of the 9th over - 0 runs, 1 hit, 0 errors, 1 left on base; New York 6 - Houston 2 |
|